 Dungeon Crawl Stone Soup version 0.31.0-11-ge490571c62 (webtiles) character file.

Game seed: 16273563095454184997

16699 Gadfly the Martial Artist (level 12, -15/92 HPs)
             Began as a Demonspawn Monk on Feb 3, 2024.
             Was a Follower of Ru.
             Demolished by a death yak simulacrum (28 damage)
             ... in an ice cave.
             The game lasted 00:15:45 (10822 turns).

Gadfly the Martial Artist (Demonspawn Monk)        Turns: 10822, Time: 00:15:46

Health: -15/92     AC: 19    Str: 16    XL:     12   Next: 12%
Magic:  12/12      EV: 18    Int: 11    God:    Ru [*.....]
Gold:   783        SH:  4    Dex: 22    Spells: 11/11 levels left

rFire   . .          .
                       - Unarmed
rCold   . . .        (no shield)
rNeg    . . .        x - +0 steam dragon scales
rPois   .            E - +0 helmet
rElec   .            l - +1 cloak
rCorr   .            i - +0 pair of gloves
SInv    .            (no boots)
Will    .....        (no amulet)
Stlth   ++           w - +6 ring of dexterity
HPRegen 0.35/turn    d - +4 ring of protection
MPRegen 0.13/turn

%: no passive effects
@: studying 2 skills
A: thin metallic scales 1, icemail 1, spiny 2, inability to drink after injury
2, condensation shield, weakness stinger 1
a: Renounce Religion


You were in an ice cave.
You worshipped Ru.
Ru was aware of your devotion.
You visited 3 branches of the dungeon, and saw 12 of its levels.
You also visited: Ice Cave.

You collected 783 gold pieces.

Inventory:

Hand Weapons
 b - a +2 whip of venom
 r - a +0 war axe of electrocution
Armour
 c - an orb of light
 i - a +0 pair of gloves (worn)
 l - a +1 cloak (worn)
 u - a +2 robe of cold resistance
 x - +0 steam dragon scales (worn)
 E - a +0 helmet (worn)
Jewellery
 d - a +4 ring of protection (right hand)
 p - a ring of see invisible
 v - a ring of protection from fire
 w - a +6 ring of dexterity (left hand)
 I - a ring of poison resistance
 M - a +6 ring of dexterity
Talismans
 C - a talisman of death
Wands
 m - a wand of polymorph (1)
 y - a wand of light (19)
 z - a wand of flame (10) (quivered)
 B - a wand of mindburst (5)
Scrolls
 h - 9 scrolls of teleportation
 j - a scroll of blinking
 o - 2 scrolls of vulnerability
 t - 2 scrolls of enchant weapon
 D - a scroll of immolation
 F - a scroll of brand weapon {unknown}
 G - a scroll of enchant armour
 J - a scroll of silence
 K - a scroll of poison
 N - a scroll of identify
Potions
 a - a potion of berserk rage
 e - a potion of ambrosia
 f - a potion of enlightenment
 g - 5 potions of haste
 k - 2 potions of mutation
 n - a potion of attraction
 q - 7 potions of curing
 s - a potion of resistance
 A - a potion of lignification
 L - a potion of heal wounds


   Skills:
 + Level 8.0 Fighting
 + Level 8.1 Dodging
 + Level 11.6 Unarmed Combat
 + Level 8.1 Evocations
 + Level 8.2 Shapeshifting


You had 11 spell levels left.
You didn't know any spells.
Your spell library contained the following spells:

 Spells                   Type           Power      Damage    Failure   Level
 Slow                     Hex            0%         N/A       34%         1
 Sting                    Conj/Alch      0%         1d3       34%         1
 Summon Small Mammal      Summ           0%         N/A       34%         1
 Call Imp                 Summ           0%         N/A       47%         2
 Ensorcelled Hibernation  Hex/Ice        0%         N/A       47%         2
 Mercury Vapours          Alch/Air       0%         N/A       47%         2
 Sublimation of Blood     Necr           0%         N/A       47%         2
 Call Canine Familiar     Summ           0%         N/A       71%         3
 Confusing Touch          Hex            0%         N/A       71%         3
 Fugue of the Fallen      Necr           0%         N/A       71%         3
 Sigil of Binding         Hex            0%         N/A       71%         3
 Vampiric Draining        Necr           0%         2d6       71%         3
 Anguish                  Hex/Necr       0%         N/A       98%         4
 Olgreb's Toxic Radiance  Alch           0%         N/A       98%         4
 Summon Blazeheart Golem  Fire/Summ      0%         N/A       98%         4
 Summon Hydra             Summ           0%         N/A       100%        7


Dungeon Overview and Level Annotations

Branches:
Dungeon (10/15)            Temple (1/1) D:7            Lair (1/5) D:9
    Orc (0/2) D:9           IceCv (1/1)

Altars:
Ashenzari
Cheibriados
Dithmenos
Fedhas
Gozag
Hepliaklqana
Kikubaaqudgha
Makhleb
Nemelex Xobeh
Okawaru
Qazlal
Ru
Sif Muna
Trog
Uskayaw
Vehumet
Wu Jian
Xom
Yredelemnul

Shops:
D:4 (

Annotations:
IceCv exclusion: 2 ice statues


Innate Abilities, Weirdness & Mutations

You are partially covered in thin metallic scales. (AC +2)
A meltable icy envelope protects you from harm. (AC +4)
You are mostly covered in sharp spines.
You sometimes lose the ability to drink potions when taking damage.
A meltable shield of frost defends you. (SH +4)
You have a small tail.


Message History

You block the ice beast's attack.
You pummel the ice beast!!
You punch the ice beast, but do no damage.
The ice beast is severely wounded.
The ice beast hits you but does no damage.
The ice beast is struck by your spines.
You kill the ice beast!
The ice beast disappears in a puff of smoke!
You punch the ice beast!
You kill the ice beast!
The ice beast disappears in a puff of smoke!
You hit the death yak simulacrum but do no damage.
You tail-slap the death yak simulacrum.
The death yak simulacrum is lightly damaged.
You punch the death yak simulacrum! You tail-slap the death yak simulacrum.
The death yak simulacrum is moderately damaged.
The death yak simulacrum gores you but does no damage.
You hit the death yak simulacrum but do no damage.
You punch the death yak simulacrum, but do no damage.
The death yak simulacrum is moderately damaged.
The death yak simulacrum is stunned by your conviction and fails to attack.
You hit the death yak simulacrum.
The death yak simulacrum is moderately damaged.
You hit the death yak simulacrum.
The death yak simulacrum is heavily damaged.
The death yak simulacrum is struck by your spines.
The death yak simulacrum gores you. The death yak simulacrum freezes you!!
* * * LOW HITPOINT WARNING * * *
You punch the death yak simulacrum!
You tail-slap the death yak simulacrum, but do no damage.
The death yak simulacrum is severely damaged.
You hit the death yak simulacrum.
The death yak simulacrum is almost destroyed.
The death yak simulacrum completely misses you.
You hit the death yak simulacrum. You tail-slap the death yak simulacrum.
The death yak simulacrum is almost destroyed.
The death yak simulacrum gores you.
* * * LOW HITPOINT WARNING * * *
The death yak simulacrum freezes you!!
You die...

####### ##########
#.....## ##...()#...
#......###.....[#Z..
#.......#.......#...
#.∩@Z∩...........Y..
#.......#.......#...
#......###.....)#°..
#.....## ##..?.[#...
####### ##########


You could see a death yak simulacrum.

Vanquished Creatures
  3 two-headed ogres
  A boulder beetle (D:10)
  A cane toad (Lair:1)
  A freezing wraith (IceCv)
  A troll (D:10)
  A shadow (D:10)
  8 yaks (D:9)
  A wyvern (D:8)
  2 steam dragons
  A harpy simulacrum (IceCv)
  An acid dragon (D:10)
  An orc warrior (D:10)
  A swamp drake (D:9)
  2 sky beasts
  2 ogres (D:9)
  A black bear (D:3)
  A boggart (D:7)
  7 centaurs
  A phantom (D:7)
  2 kobold brigands
  A bullfrog (D:7)
  3 scorpions
  A cane toad simulacrum (IceCv)
  7 killer bees
  8 electric eels
  7 howler monkeys
  5 bombardier beetles
  4 orc priests
  A jelly (D:8)
  A gnoll bouda (D:7)
  7 iguanas
  A sleepcap (D:7)
  14 orc wizards
  2 wolf simulacra (IceCv)
  A polar bear simulacrum (IceCv)
  9 adders
  3 gnolls (D:7)
  2 shadow imps (D:8)
  4 white imps
  2 ufetubi (D:6)
  11 dart slugs
  29 orcs
  4 bats
  9 endoplasms
  8 giant cockroaches
  5 goblins
  8 hobgoblins
  7 jackals
  15 kobolds
  2 quokkas (D:1)
  5 ball pythons
  4 frilled lizards
  5 rats
234 creatures vanquished.

Vanquished Creatures (others)
  An orc wizard (D:7)
1 creature vanquished.

Grand Total: 235 creatures vanquished

Notes
Turn   | Place    | Note
-------+----------+-------------------------------------------
     0 | D:1      | Gadfly the Demonspawn Monk began the quest for the Orb.
     0 | D:1      | Reached XP level 1. HP: 18/18 MP: 1/1
   205 | D:1      | Gained mutation: A meltable shield of frost defends you.
                  | (SH +4) [demonic ancestry]
   205 | D:1      | Reached XP level 2. HP: 21/24 MP: 2/2
   458 | D:1      | Reached skill level 3 in Unarmed Combat
   458 | D:1      | Reached skill level 1 in Evocations
  1028 | D:2      | Reached XP level 3. HP: 16/29 MP: 3/3
  1036 | D:2      | Reached skill level 1 in Shapeshifting
  1654 | D:2      | Reached XP level 4. HP: 33/35 MP: 4/4
  2155 | D:3      | Reached XP level 5. HP: 14/41 MP: 5/5
  2631 | D:3      | Noticed a black bear
  2639 | D:3      | Killed a black bear
  2640 | D:3      | Reached skill level 4 in Unarmed Combat
  2640 | D:3      | Reached XP level 6. HP: 35/47 MP: 6/6
  2880 | D:3      | Found a faded altar of an unknown god.
  3017 | D:4      | Found Qeod's Distillery.
  3034 | D:4      | Noticed a sky beast
  3045 | D:4      | Killed a sky beast
  3361 | D:4      | Found Hurph's Antique Weapon Emporium.
  3424 | D:4      | Found a stormy altar of Qazlal.
  3424 | D:4      | Found a sparkling altar of Nemelex Xobeh.
  3432 | D:4      | Found an opulent altar of Gozag.
  3434 | D:4      | Found a faded altar of an unknown god.
  3436 | D:4      | Found a faded altar of an unknown god.
  3479 | D:4      | Gained mutation: You have a small tail. [demonic ancestry]
  3479 | D:4      | Reached XP level 7. HP: 52/52 MP: 7/7
  3742 | D:5      | Entered Level 5 of the Dungeon
  4622 | D:5      | Reached skill level 5 in Unarmed Combat
  4728 | D:5      | Gained mutation: You are partially covered in sharp spines.
                  | [demonic ancestry]
  4728 | D:5      | Reached XP level 8. HP: 52/60 MP: 8/8
  4865 | D:5      | Found an iron altar of Okawaru.
  5229 | D:6      | Identified the +4 chain mail "Tushoef" {Rampage Int-4
                  | Dex+2}
  5983 | D:7      | Reached skill level 5 in Dodging
  5984 | D:7      | Reached skill level 5 in Evocations
  5989 | D:7      | Reached skill level 6 in Unarmed Combat
  6226 | D:7      | Found a staircase to the Ecumenical Temple.
  6360 | Temple   | Entered the Ecumenical Temple
  6381 | Temple   | Became a worshipper of Ru the Awakened
  6384 | Temple   | Gained mutation: You occasionally lose the ability to drink
                  | potions when taking damage. [Ru sacrifice]
  6384 | Temple   | Gained mutation: You sometimes lose the ability to drink
                  | potions when taking damage. [Ru sacrifice]
  6384 | Temple   | Reached * piety under Ru
  6508 | D:7      | Gained mutation: A meltable icy envelope protects you from
                  | harm. (AC +4) [demonic ancestry]
  6508 | D:7      | Reached XP level 9. HP: 60/66 MP: 9/9
  7259 | D:8      | Reached skill level 5 in Shapeshifting
  7265 | D:8      | Found an ornate altar of the Wu Jian Council.
  7273 | D:8      | Found a radiant altar of Vehumet.
  7766 | D:8      | Reached skill level 5 in Fighting
  8155 | D:9      | HP: 2/68 [electric eel/bolt of electricity (8)]
  8343 | D:9      | Reached skill level 7 in Unarmed Combat
  8515 | D:9      | Found a staircase to the Lair.
  8777 | D:9      | Reached skill level 8 in Unarmed Combat
  8777 | D:9      | Gained mutation: You are partially covered in thin metallic
                  | scales. (AC +2) [demonic ancestry]
  8777 | D:9      | Reached XP level 10. HP: 61/76 MP: 10/10
  8857 | D:9      | Noticed a two-headed ogre
  8870 | D:9      | Killed a two-headed ogre
  9343 | D:9      | Found a staircase to the Orcish Mines.
  9360 | D:9      | Reached skill level 9 in Unarmed Combat
  9560 | D:10     | Entered Level 10 of the Dungeon
  9669 | D:10     | Noticed a two-headed ogre
  9683 | D:10     | Killed a two-headed ogre
  9829 | D:10     | Noticed a two-headed ogre
  9830 | D:10     | Noticed a boulder beetle
  9848 | D:10     | Killed a two-headed ogre
  9880 | D:10     | Killed a boulder beetle
  9881 | D:10     | Reached skill level 10 in Unarmed Combat
 10230 | D:10     | Gained mutation: You are mostly covered in sharp spines.
                  | [demonic ancestry]
 10230 | D:10     | Reached XP level 11. HP: 83/83 MP: 11/11
 10513 | D:10     | Reached skill level 11 in Unarmed Combat
 10513 | D:10     | Reached XP level 12. HP: 92/92 MP: 12/12
 10601 | Lair:1   | Entered Level 1 of the Lair of Beasts
 10628 | Lair:1   | Found a frozen archway.
 10639 | IceCv    | Entered an ice cave
 10822 | IceCv    | Demolished by a death yak simulacrum

Illustrated notes

Levels and vault maps discovered:
D:1:      roderic_octagonal_star, layout_basic, reono_crystal_passage,
          hangedman_glass_garden
D:2:      layout_basic, minmay_circle_x
D:3:      layout_basic, hellmonk_ecumenical_altar_pennies_from_heaven,
          minmay_fractal_squares_5
D:4:      layout_loops_ring, chequers_temple_overflow_minitemple, serial_shops,
          nicolae_shop_tiny_real_fake_doors, shop
D:5:      kennysheep_slugbush, layout_gridville, mainiacjoe_overflow_paths,
          serial_library, serial_library_hellmonk_hallway_b,
          serial_library_hellmonk_junction, serial_library_hellmonk_open_square,
          serial_library_hellmonk_secret_room,
          serial_library_hellmonk_small_corner,
          serial_library_hellmonk_metal_room,
          serial_library_hellmonk_small_corner,
          serial_library_regret_index_small_wings,
          serial_library_hellmonk_small_corner,
          serial_library_regret_index_multi, minmay_liquid_box,
          hangedman_abyss_or_decor_passed
D:6:      layout_basic
D:7:      layout_loops_ring, minmay_temple_entry_antechambers,
          grunt_decor_mini_mirrors
D:8:      layout_loops_cross, nicolae_overflow_squiral, fountainhead,
          minmay_manual_mares
D:9:      layout_basic, tso_oasis_becter, erik_orc_1, st_stairs_2
D:10:     layout_roguey, st_stairs_11
Temple:   regret_index_temple_waves
Lair:1:   layout_layer_cave, portal_ice_cave_entry_pillars_1,
          infiniplex_staircase_pool, serial_bayou_shore_b, lemuel_fruit_fields,
          lemuel_fruit_tree
IceCv:    ice_cave_statue_garden_chambered

Skill      XL: |  1  2  3  4  5  6  7  8  9 10 11 12 |
---------------+-------------------------------------+-----
Unarmed Combat | 3 4 5 6 8 10 11 | 11.6
Evocations     | 1 2 3 4 5 6 8 |  8.1
Shapeshifting  | 1 2 3 4 6 7 8 |  8.2
Dodging        | 3 4 5 6 7 8 |  8.1
Fighting       | 4 5 6 7 8 |  8.0

Action                     |  1- 3 |  4- 6 |  7- 9 | 10-12 || total
---------------------------+-------+-------+-------+-------++-------
  Melee: Unarmed           |    10 |       |    43 |   192 ||   245
         Whip              |    83 |    83 |       |       ||   166
         War axe           |       |    18 |   203 |       ||   221
         Tailslap          |       |       |    41 |    41 ||    82
         Punch             |       |       |     2 |    21 ||    23
 Invoke: Sacrifice Drink   |       |       |     1 |       ||     1
         Reject Sacrifices |       |       |       |     1 ||     1
  Evoke: Wand              |       |       |    11 |     8 ||    19
    Use: Scroll            |     3 |     4 |    12 |     2 ||    21
         Potion            |       |     3 |     3 |     1 ||     7
   Stab: Sleeping          |       |       |     1 |     1 ||     2
         Invisible         |       |       |       |     2 ||     2
         Distracted        |       |       |       |     1 ||     1
 Armour: Robe              |    50 |    75 |   125 |       ||   250
         Skin              |       |       |    68 |       ||    68
         Steam dragon scal |       |       |    51 |    74 ||   125
  Dodge: Dodged            |    72 |    85 |   207 |    90 ||   454
  Block: Other             |       |       |     9 |    21 ||    30
